 Dungeon Crawl Stone Soup version 0.31-b1-22-gc680215f68 (webtiles) character file.

Game seed: 14634908952023539150

379 hawla the Scratcher (level 6, -10/30 HPs)
             Began as a Felid Shapeshifter on Jan 18, 2024.
             Was a Follower of Makhleb.
             Mangled by an ogre
             ... wielding a +0 giant club
              (31 damage)
             ... on level 5 of the Dungeon.
             The game lasted 00:11:54 (3592 turns).

hawla the Scratcher (Felid Shapeshifter)            Turns: 3592, Time: 00:11:54

Health: -10/30     AC:  2    Str: 12    XL:     6   Next: 45%
Magic:  16/16      EV: 18    Int: 13    God:    Makhleb [*.....]
Gold:   24         SH:  0    Dex: 14    Spells: 5/5 levels left
                                        Lives:  0   Deaths: 2

rFire   . .          .
                       - Unarmed
rCold   + + .        (shield unavailable)
rNeg    . . .        (body armour unavailable)
rPois   .            (helmet unavailable)
rElec   .            (cloak unavailable)
rCorr   +            (gloves unavailable)
SInv    +            (boots unavailable)
Will    +....        (no amulet)
Stlth   +            d - ring "Dihiuj" {rC++ Will+ rCorr MP+9 Dex-2}
HPRegen 0.25/turn    (no ring)
MPRegen 0.15/turn

%: no passive effects
@: beast-form
A: beast (slay +2), very small, claws 1, fangs 3, see invisible, shaggy fur 2,
stealthy paws, no weapons or thrown items, no armour, multi-lived
a: Begin Untransformation, Renounce Religion


You were on level 5 of the Dungeon.
You worshipped Makhleb.
Makhleb was aware of your devotion.
You were a hulking beast.
You visited 1 branch of the dungeon, and saw 5 of its levels.

You collected 160 gold pieces.
You spent 136 gold pieces at shops.

Inventory:

Jewellery
 a - a ring of ice
 d - the ring "Dihiuj" (left paw) {rC++ Will+ rCorr MP+9 Dex-2}
   (You acquired it on level 5 of the Dungeon)

   [ring of magical power]

   Dex-2:     It affects your dexterity (-2).
   rC++:      It greatly protects you from cold.
   Will+:     It increases your willpower.
   MP+9:      It affects your magic capacity (+9).
   rCorr:     It protects you from acid and corrosion.
Talismans
 b - a beast talisman
 c - a flux talisman
Wands
 e - a wand of mindburst (2)
 i - a wand of acid (6) (quivered)
Potions
 f - 2 potions of might
 g - a potion of curing
 h - a potion of attraction {unknown}


   Skills:
 - Level 1.0 Fighting
 - Level 5.0 Dodging
 + Level 5.4 Unarmed Combat
 + Level 1.6 Evocations
 + Level 3.7 Shapeshifting


You had 5 spell levels left.
You didn't know any spells.
Your spell library was empty.

Dungeon Overview and Level Annotations

Branches:
Dungeon (5/15)
 Temple: D:4-7

Altars:
Fedhas
Makhleb
Qazlal
Sif Muna

Shops:
D:2 ?   D:4 *


Innate Abilities, Weirdness & Mutations

You are a hulking beast.
Your limbs bulge with bestial killing power. (Slay +2)
You have sharp claws.
You have razor-sharp teeth.
You have supernaturally acute eyesight. (SInv)
You are covered in thick fur. (AC +2)
Your paws help you pounce on unaware monsters.
You are incapable of wielding weapons or throwing items.
You cannot wear armour.
You gain extra lives every three experience levels.


Message History

Things that are here:
a +0 flail; a gnoll corpse
Found a stone staircase leading down.
Found a stone staircase leading down.
There is a stone staircase leading down here.
A bombardier beetle comes into view.
Aiming: Corrosive Bolt
Press: ? - help, Shift-Dir - straight line, f - bombardier beetle
Aim: a bombardier beetle (asleep, 100% to hit)
The bolt of acid hits the bombardier beetle!
The acid corrodes the bombardier beetle!
The bombardier beetle is severely wounded.
The bombardier beetle sprays incendiary fluid at you.
The burning spray misses you.
You claw the bombardier beetle!
You kill the bombardier beetle!
Makhleb accepts your kill.
Training target 5.0 for Dodging reached!
Your Dodging skill increases to level 5!
Okay, then.
You see here a bombardier beetle corpse.
Found a shiny ring mail.
You see here a +1 ring mail of cold resistance.
An ogre comes into view. It is wielding a +0 giant club.
The ogre shouts!
You claw the ogre!
The ogre is moderately wounded.
The ogre hits you with a +0 giant club!
You closely miss the ogre.
The ogre is moderately wounded.
You barely miss the ogre.
The ogre is moderately wounded.
The ogre closely misses you.
You barely miss the ogre.
The ogre is moderately wounded.
You scratch the ogre.
The ogre is moderately wounded.
The ogre hits you with a +0 giant club!!
Ouch! That really hurt!
You die...

##.
.. .#
#.#
..
##.#
#O.#
##h#
#..#
#
#.##
#.
#.#
<.
##.#
.#
#.[#
.#
#.##
.#
#.#
.#
###.#


You could see an ogre.

Vanquished Creatures
  A howler monkey (D:4)
  2 bombardier beetles
  An orc wizard (D:4)
  Robin (D:2)
  6 gnolls
  8 adders
  An ufetubus (D:5)
  4 dart slugs
  2 ribbon worms
  7 orcs
  4 endoplasms
  5 giant cockroaches
  14 goblins
  7 hobgoblins
  8 kobolds
  A quokka (D:2)
  7 ball pythons
  4 bats
  3 frilled lizards
  3 rats
89 creatures vanquished.

Notes
Turn   | Place    | Note
-------+----------+-------------------------------------------
     0 | D:1      | hawla the Felid Shapeshifter began the quest for the Orb.
     0 | D:1      | Reached XP level 1. HP: 10/10 MP: 2/2
   197 | D:1      | Reached XP level 2. HP: 14/14 MP: 3/3
   862 | D:2      | Noticed Robin
   868 | D:2      | Reached XP level 3. HP: 10/18 MP: 4/4
   878 | D:2      | Killed Robin
   941 | D:2      | Found a burning altar of Makhleb.
   955 | D:2      | Became a worshipper of Makhleb the Destroyer
   992 | D:2      | Slain by a kobold
   992 | D:2      | Lost a life (0 lives remaining)
  1200 | D:2      | Found Yqogg's Magic Scroll Boutique.
  1285 | D:2      | Reached XP level 4. HP: 22/22 MP: 5/5
  1285 | D:2      | Gained a life (1 life remaining)
  1560 | D:3      | Found a stormy altar of Qazlal.
  1625 | D:2      | Bought a scroll of identify for 24 gold pieces
  1642 | D:3      | Found a blossoming altar of Fedhas.
  1757 | D:3      | Found a faded altar of an unknown god.
  1791 | D:3      | Reached * piety under Makhleb
  1799 | D:3      | Killed from afar by a dart slug
  1799 | D:3      | Lost a life (0 lives remaining)
  1896 | D:3      | Reached XP level 5. HP: 15/25 MP: 6/6
  2435 | D:4      | HP: 1/25 [gnoll/+0 club (4)]
  2479 | D:5      | Entered Level 5 of the Dungeon
  2479 | D:5      | Noticed a centaur
  2479 | D:5      | Noticed a sky beast
  2744 | D:4      | Reached skill level 5 in Unarmed Combat
  2762 | D:4      | Found Gaidir Cyru's Assorted Antiques.
  2907 | D:4      | Found a shimmering blue altar of Sif Muna.
  2963 | D:4      | Reached skill level 1 in Evocations
  2963 | D:4      | Gained mutation: You are covered in thick fur. (AC +2)
                  | [Felid growth]
  2963 | D:4      | Reached XP level 6. HP: 30/30 MP: 7/7
  3294 | D:4      | Bought a sharpened iron wand for 112 gold pieces
  3316 | D:5      | Identified a scroll of acquirement
  3316 | D:5      | Acquired the ring "Dihiuj" {rC++ Will+ rCorr MP+9 Dex-2}
  3567 | D:5      | Reached skill level 5 in Dodging
  3592 | D:5      | Mangled by an ogre

Illustrated notes

Levels and vault maps discovered:
D:1:      saegor_arrival_simple_a, layout_loops_ring, minmay_box_of_dots
D:2:      layout_basic, basic_altar, serial_shops, shop, minmay_bisected,
          uniq_robin
D:3:      layout_rooms, mainiacjoe_overflow_six_doors_small,
          mainiacjoe_overflow_small_starburst,
          shapermc_ecumenical_altar_starsandcircs, kennysheep_generic_room_10
D:4:      layout_basic, mainiacjoe_overflow_boulevard, serial_shops,
          nicolae_shop_dealshenge
D:5:      layout_rooms, makhleb_altar_promises_db,
          mainiacjoe_overflow_cross_hatched, uniq_prince_ribbit1

Skill      XL: |  1  2  3  4  5  6 |
---------------+-------------------+-----
Dodging        | 3 4 5 |  5.0
Shapeshifting  | 3 |  3.7
Unarmed Combat | 4 5 |  5.4
Evocations     | 1 |  1.6
Fighting       | |  1.0

Action                     |  1- 3 |  4- 6 || total
---------------------------+-------+-------++-------
  Melee: Unarmed           |    96 |   126 ||   222
         Punch             |     2 |     4 ||     6
         Bite              |     8 |    13 ||    21
  Evoke: Wand              |       |     6 ||     6
    Use: Potion            |     2 |     4 ||     6
         Scroll            |     1 |     5 ||     6
   Stab: Sleeping          |     1 |     3 ||     4
 Armour: Skin              |    26 |    41 ||    67
  Dodge: Dodged            |    71 |    81 ||   152
